 Dungeon Crawl Stone Soup version 0.26-a0-753-g4680b4fa2e (webtiles) character file.

Game seed: 6807335598598290383

56 GordonOverkill the Chiller (level 3, -2/27 HPs)
             Began as a Barachi Ice Elementalist on Nov 7, 2020.
             Was an Initiate of Gozag.
             Slain by Grinder (5 damage)
             ... while paralysed by Grinder
             ... on level 3 of the Dungeon.
             The game lasted 00:03:47 (3489 turns).

GordonOverkill the Chiller (BaIE)                   Turns: 3489, Time: 00:03:47

Health: -2/27      AC:  3    Str: 10    XL:     3   Next: 95%
Magic:  1/7        EV:  2    Int: 15    God:    Gozag
Gold:   147        SH:  0    Dex: 12    Spells: 3/7 levels left

rFire    . . .     SeeInvis .   c - +0 dagger
rCold    . . .     Faith    .   (no shield)
rNeg     . . .     Spirit   .   a - +0 robe
rPois    .         Reflect  .   (no helmet)
rElec    .         Harm     .   (no cloak)
rCorr    .         Rampage  .   i - +0 pair of gloves
MR       .....                  (no boots)
Stlth    ++........             (no amulet)
HPRegen  0.09/turn              (no ring)
MPRegen  0.10/turn              (no ring)

@: paralysed, hasted, slow
A: +LOS, swims, slowness 1, strong legs 1
a: Hop, Potion Petition, Call Merchant, Bribe Branch, Renounce Religion


You were on level 3 of the Dungeon.
You worshipped Gozag.
Gozag was aware of your devotion.
You visited 1 branch of the dungeon, and saw 3 of its levels.

You collected 147 gold pieces.

Inventory:

Hand Weapons
 c - a +0 dagger (weapon)
Armour
 a - a +0 robe (worn)
 i - a +0 pair of gloves (worn)
Jewellery
 h - a cursed -4 ring of protection {unknown}
Scrolls
 d - a scroll of enchant armour {unknown}
 f - 2 scrolls of remove curse {unknown}
 g - 2 scrolls of identify {unknown}
 j - a scroll of amnesia {unknown}
Potions
 b - 2 potions of lignification


   Skills:
 + Level 1.7 Fighting
 - Level 2.1 Dodging
 - Level 1.7 Stealth
 + Level 2.8 Spellcasting
 * Level 5.8 Ice Magic


You had 3 spell levels left.
You knew the following spells:

 Your Spells              Type           Power        Failure   Level
a - Freeze                Ice            ###.         1%          1
b - Frozen Ramparts       Ice            ###...       5%          3

Your spell library contained the following spells:

 Spells                   Type           Power        Failure   Level
 Ozocubu's Armour         Ice            ###.....     5%          3
 Hailstorm                Conj/Ice       ##......     52%         4
 Summon Ice Beast         Ice/Summ       ##......     52%         4


Dungeon Overview and Level Annotations

Branches:
Dungeon (3/15)

Altars:
Elyvilon
Fedhas
Gozag
Qazlal
Vehumet
Yredelemnul
The Shining One

Annotations:
D:3 Grinder, Ijyb


Innate Abilities, Weirdness & Mutations

You can be seen from farther away. (+LOS)
You can swim through water.
You cover ground slowly.
You can hop short distances.


Message History

Grinder resists.
You freeze Grinder.
Grinder is moderately wounded.
Grinder hits you but does no damage.
Casting: Freeze (safe; 1% risk of failure)
Confirm with . or Enter, or press ? or * to list all spells.
Aiming: Freeze (safe; 1% risk of failure)
Press: ? - help, Shift-Dir - straight line, f/p - Grinder
Aim: Grinder (lightly wounded) Grinder resists.
You freeze Grinder.
Grinder is moderately wounded.
You feel less wooden.
Your +0 pair of gloves unmelds from your body.
Your +0 robe unmelds from your body.
Grinder gestures at you.
You suddenly lose the ability to move!
Grinder hits you.
* * * LOW HITPOINT WARNING * * *
You writhe in agony.
You die...
Your body crumbles into a pile of gold.

.........# ..........
.........# .....S...#
.........# #
.........########.#
..................#
.........#$....#..
.........#@....#
.........#.5...#
.....S...#.....# ...#
.. .=.......#.....#
...##.
......####.....# .....
......####.....##.....
......+..............
... ....$
####...#####..# ....
#...# ..#.....


You could see Grinder.

Vanquished Creatures
  An adder (D:3)
  2 dart slugs
  2 leopard geckos
  An orc (D:3)
  3 giant cockroaches (D:1)
  6 goblins
  3 hobgoblins (D:1)
  2 jackals
  3 kobolds (D:1)
  A quokka (D:2)
  2 ball pythons
  4 bats
  3 frilled lizards (D:1)
  4 rats (D:1)
37 creatures vanquished.

Vanquished Creatures (others)
  A plant (D:1)
1 creature vanquished.

Grand Total: 38 creatures vanquished

Notes
Turn   | Place    | Note
-------+----------+-------------------------------------------
     0 | D:1      | GordonOverkill the Barachi Ice Elementalist began the quest
                  | for the Orb.
     0 | D:1      | Reached XP level 1. HP: 13/13 MP: 3/3
   123 | D:1      | Reached skill level 5 in Ice Magic
   589 | D:1      | Reached XP level 2. HP: 20/20 MP: 3/5
  1058 | D:1      | Reached skill level 1 in Fighting
  1732 | D:1      | Reached XP level 3. HP: 26/26 MP: 4/6
  2406 | D:1      | Learned a level 3 spell: Frozen Ramparts
  2475 | D:2      | Found a radiant altar of Vehumet.
  2634 | D:2      | Found a white marble altar of Elyvilon.
  2688 | D:2      | Found a faded altar of an unknown god.
  2834 | D:2      | Became a worshipper of Gozag Ym Sagoz the Greedy
  3132 | D:2      | Found a glowing golden altar of the Shining One.
  3132 | D:2      | Found a stormy altar of Qazlal.
  3137 | D:2      | Found a faded altar of an unknown god.
  3139 | D:2      | Found a basalt altar of Yredelemnul.
  3141 | D:2      | Found a blossoming altar of Fedhas.
  3333 | D:3      | Noticed Grinder
  3385 | D:3      | Noticed Ijyb
  3477 | D:3      | Paralysed by Grinder for 2 turns
  3488 | D:3      | Paralysed by Grinder for 2 turns
  3489 | D:3      | Slain by Grinder

Illustrated notes

Levels and vault maps discovered:
D:1:      kennysheep_arrival_seaside, layout_loops_corners, serial_forest,
          infiniplex_forest_end_2, infiniplex_forest_end_double,
          infiniplex_forest_fountain, infiniplex_forest_clump_large,
          infiniplex_forest_lined_corner, infiniplex_forest_straight_4,
          infiniplex_forest_end_double, infiniplex_forest_corner_2,
          infiniplex_forest_lined_room_
D:2:      layout_loops_ring, old_standard_altar, nicolae_overflow_hidden_temple,
          chequers_temple_overflow_minitemple, chequers_ecumenical_altar_island,
          kennysheep_generic_room_12
D:3:      layout_basic, nicolae_ru_the_path_less_chosen, uniq_grinder,
          uniq_jessica, uniq_ijyb, uniq_sigmund

Skill      XL: |  1  2 |
---------------+-------+-----
Ice Magic      | 5 |  5.8
Fighting       | 1 |  1.7
Dodging        | |  2.1
Stealth        | |  1.7
Spellcasting   | |  2.8

Action                   || total
-------------------------++-------
Melee: Unarmed           ||     8
       Dagger            ||    31
 Cast: Freeze            ||    57
       Frozen Ramparts   ||     2
  Use: Potion            ||     2
Armor: Robe              ||    10
       Skin              ||     4
Dodge: Dodged            ||    55

Table legend: (Time is in decaauts)
 A = Elapsed time spent in this place.
 B = Non-inter-level travel time spent in this place.
 C = Inter-level travel time spent in this place.
 D = Time resting spent in this place.
 E = Time spent auto-exploring this place.
 F = Levels seen in this place.
 G = Mean time per level.
                   A        B        C        D        E       F      G
               +--------+--------+--------+--------+--------+-----+--------+
         Total |   3806 |   3733 |     73 |   1658 |   1714 |   3 | 1268.7 |
       Dungeon |   3806 |   3733 |     73 |   1658 |   1714 |   3 | 1268.7 |
               +--------+--------+--------+--------+--------+-----+--------+

Top non-repeatable levels by time:
     D:1: 2644 daAuts
     D:2: 916 daAuts
     D:3: 245 daAuts
